 Dungeon Crawl Stone Soup version 0.23.2-40-g277498a001 (webtiles) character file.

Game seed: 11774956605784143636

121 Hylith the Skirmisher (level 5, -5/42 HPs)
             Began as a Formicid Abyssal Knight on Sept 10, 2019.
             Was a Believer of Lugonu.
             Killed from afar by a white imp (6 damage)
             ... with a puff of frost
             ... summoned by Natasha
             ... on level 4 of the Dungeon.
             The game lasted 00:03:30 (2787 turns).

Hylith the Skirmisher (Formicid Abyssal Knight)     Turns: 2787, Time: 00:03:31

Health: -5/42      AC:  5    Str: 17    XL:     5   Next: 26%
Magic:  7/7        EV: 10    Int: 15    God:    Lugonu [**....]
Gold:   167        SH:  0    Dex: 10    Spells: 4/4 levels left

rFire    + . .     SeeInvis +   a - +1 hand axe
rCold    + . .     Gourm    .   (no shield)
rNeg     . . .     Faith    .   g - +0 ring mail
rPois    .         Spirit   .   (helmet unavailable)
rElec    .         Reflect  .   d - scarf {rC+ rF+}
rCorr    .         Harm     .   (no gloves)
MR       .....                  (no boots)
Stlth    ..........             (no amulet)
HPRegen  0.14/turn              i - +3 ring of intelligence
MPRegen  0.10/turn              (no ring)

@: no status effects
A: permanent stasis, dig shafts and tunnels, four strong arms, antennae 3
a: Dig, Shaft Self, Depart the Abyss, Bend Space, Renounce Religion


You were on level 4 of the Dungeon.
You worshipped Lugonu.
Lugonu was pleased with you.
You were not hungry.

You visited 1 branch of the dungeon, and saw 4 of its levels.
You visited the Abyss 1 time.

You collected 167 gold pieces.

Inventory:

Hand Weapons
 a - a +1 hand axe (weapon)
Armour
 d - a scarf of resistance (worn)
 g - a +0 ring mail (worn)
Jewellery
 i - a +3 ring of intelligence (left hand)
Scrolls
 e - a scroll of blinking {unknown}
 k - a scroll of enchant weapon {unknown}
 l - 3 scrolls of remove curse {unknown}
 m - a scroll of teleportation {unknown}
 n - a scroll of fog {unknown}
 p - 2 scrolls of identify {unknown}
Potions
 b - a potion of lignification {unknown}
 f - a potion of haste {unknown}
 h - a potion of flight {unknown}
 j - a potion of heal wounds {unknown}
Comestibles
 c - 2 rations


   Skills:
 + Level 4.1 Fighting
 + Level 3.0 Axes
 + Level 3.3 Armour
 - Level 1.0 Dodging
 + Level 3.4 Invocations


You had 4 spell levels left.
You didn't know any spells.
Your spell library was empty.

Dungeon Overview and Level Annotations

Branches:
Dungeon (4/15)
 Temple: D:4-7

Altars:
Okawaru
Ru
Wu Jian
Xom

Annotations:
D:4 Natasha


Innate Abilities, Weirdness & Mutations

You cannot be hasted, slowed, berserked, paralysed or teleported.
You can dig through walls and to a lower floor.
Your four strong arms can wield two-handed weapons with a shield.
You have a pair of large antennae on your head. (SInv)


Message History

Natasha closely misses you.
You miss Natasha.
Natasha is lightly wounded.
Natasha claws you!
* * * LOW HITPOINT WARNING * * *
You miss Natasha.
Natasha is lightly wounded.
Natasha mumbles some strange words.
You hit Natasha.
Natasha is moderately wounded.
You hit the white imp but do no damage. Natasha claws you.
* * * LOW HITPOINT WARNING * * *
The white imp hits you but does no damage.
Natasha mumbles some strange words.
You barely miss Natasha.
Natasha is moderately wounded.
You hit the white imp. You closely miss the crimson imp.
The white imp gestures at you. The puff of frost hits you. You resist.
You die...

########## #5hggg....
#####@#{{.....
#...5.#{{h..g.#......
#####..####.......
.....
...........#g.≈g...
.....
#######....#.≈≈≈≈≈≈
... ##.#.#≈≈≈g≈≈≈ ...
####..#####+### #.#
#.).#.# ### ### #.#
#.#.#.###.###.####.#


You could see Natasha, a crimson imp, a white imp, a hobgoblin and 2 goblins.

Vanquished Creatures
  A howler monkey (D:3)
  2 adders (D:3)
  An ooze (D:2)
  4 worms
  3 dart slugs
  A leopard gecko (D:2)
  A giant cockroach (D:3)
  4 goblins
  3 hobgoblins
  2 jackals (D:1)
  A quokka (D:3)
  7 bats
  4 frilled lizards
  5 kobolds
  A leopard gecko skeleton (D:4)
  6 rats
46 creatures vanquished.

Vanquished Creatures (others)
  A leopard gecko (D:3)
1 creature vanquished.

Grand Total: 47 creatures vanquished

Notes
Turn   | Place    | Note
-------+----------+-------------------------------------------
     0 | Abyss:1  | Hylith the Formicid Abyssal Knight began the quest for the
                  | Orb.
     0 | Abyss:1  | Reached XP level 1. HP: 18/18 MP: 2/2
    22 | Abyss:1  | Noticed a large abomination
    47 | D:1      | Escaped the Abyss
    83 | D:1      | Reached skill level 1 in Dodging
   307 | D:1      | Reached XP level 2. HP: 23/24 MP: 3/3
   753 | D:2      | Reached XP level 3. HP: 25/29 MP: 4/4
  1192 | D:2      | Found a shimmering altar of Xom.
  1192 | D:2      | Found a shimmering altar of Xom.
  1194 | D:2      | Found a shimmering altar of Xom.
  1376 | D:2      | Reached ** piety under Lugonu
  1788 | D:3      | Reached XP level 4. HP: 14/37 MP: 6/6
  2036 | D:3      | Found an iron altar of Okawaru.
  2193 | D:3      | Reached skill level 4 in Fighting
  2193 | D:3      | Reached XP level 5. HP: 23/42 MP: 7/7
  2200 | D:3      | Found an ornate altar of the Wu Jian Council.
  2698 | D:4      | Found a sacrificial altar of Ru.
  2772 | D:4      | Noticed Natasha
  2784 | D:4      | HP: 2/42 [Natasha (8)]
  2787 | D:4      | Killed from afar by a white imp

Skill      XL: |  1  2  3  4  5 |
---------------+----------------+-----
Dodging        | 1 |  1.0
Invocations    | 3 |  3.4
Armour         | 3 |  3.3
Fighting       | 4 |  4.1
Axes           | 3 |  3.0

Action                   |  1- 3 |  4- 6 || total
-------------------------+-------+-------++-------
Melee: Hand axe          |   106 |    73 ||   179
  Eat: Chunk             |     3 |     3 ||     6
Armor: Leather armour    |     1 |       ||     1
       Ring mail         |    42 |    27 ||    69
Dodge: Dodged            |    70 |    42 ||   112
